AoeStats
← AxingQuestions

Arena

506965190Analyzed
4v4 RM · 16d ago on Sep 16, 2026· 37m 38s· 8 players
Game mode
Random Map
Map size
Large (8 player)
Population
200
Speed
Normal
Resources
Standard
Victory
Conquest
Starting age
Dark Age
Ending age
Imperial Age
RankedLock teamsTeams togetherTeam positionsShared explorationLock speedFull tech treeHidden civsTurbo modeCheats
Victory
Defeat
🇺🇸 Aztecs · United States
1241
+11
🇺🇸 Vikings · United States
1219
+12
🇺🇸 Magyars · United States
1211
+12
🇲🇽 Japanese · Mexico
1198
+13
🇨🇱 Mongols · Chile
1214
-16
🇺🇸 Hindustanis · United States
1141
-12
🇲🇽 Portuguese · Mexico
1096
-11
🇺🇸 Romans · United States
1057
-9
DUDA
10:17 Feudal Age
14:50 Castle Age
12:44 Double-Bit Axe
12:41 Horse Collar
17:42 Wheelbarrow
17:22 Heavy Plow
18:55 Loom
19:03 Loom
20:52 Loom
21:33 Gold Mining
21:37 Stone Mining
21:59 Bow Saw
25:13 Hand Cart
26:42 Scale Barding Armor
27:21 Corvinian Army
28:16 Chain Barding Armor
30:36 Imperial Age
28:48 Town Watch
31:10 Husbandry
31:20 Bloodlines
31:49 Gold Shaft Mining
30:45 Elite Magyar Huszar
31:50 Conscription
32:43 Plate Barding Armor
34:00 Crop Rotation
34:31 Two-Man Saw
35:01 Padded Archer Armor
34:51 Fletching
35:04 Recurve Bow
35:49 Parthian Tactics
35:30 Thumb Ring
34:45 Heavy Cavalry Archer
AxingQuestions
10:34 Feudal Age
15:06 Castle Age
13:20 Loom
14:08 Double-Bit Axe
16:17 Bow Saw
15:56 Horse Collar
16:16 Gold Mining
16:49 Fletching
19:08 Bodkin Arrow
19:34 Crossbowman
23:57 Heavy Plow
26:29 Padded Archer Armor
27:28 Leather Archer Armor
27:06 Town Watch
28:57 Town Patrol
31:30 Ballistics
30:51 Treadmill Crane
31:06 Murder Holes
32:18 Gold Shaft Mining
31:38 Stone Mining
32:42 Forging
32:33 Scale Mail Armor
35:48 Imperial Age
34:08 Iron Casting
34:44 Chain Mail Armor
34:56 Chieftains
36:52 Conscription
35:54 Elite Berserk
35:57 Arbalester
36:55 Bracer
39:12 Blast Furnace
Unknowncmbk
0:34 Loom
10:14 Feudal Age
16:22 Castle Age
14:45 Double-Bit Axe
15:03 Horse Collar
17:18 Wheelbarrow
17:36 Bow Saw
18:22 Heavy Plow
21:39 Gold Mining
23:10 Fervor
24:33 Hand Cart
24:04 Town Watch
24:46 Stone Mining
25:33 Gold Shaft Mining
27:54 Arson
28:14 Squires
30:22 Forging
30:12 Scale Mail Armor
31:13 Stone Shaft Mining
33:39 Imperial Age
31:15 Treadmill Crane
32:17 Iron Casting
31:05 Eagle Warrior
31:33 Gambesons
31:08 Man-at-Arms
31:08 Pikeman
34:50 Crop Rotation
35:25 Blast Furnace
34:59 Conscription
35:30 Chain Mail Armor
36:27 Garland Wars
35:53 Elite Jaguar Warrior
36:30 Elite Eagle Warrior
38:26 Plate Mail Armor
mike
0:50 Loom
11:12 Feudal Age
16:10 Castle Age
14:03 Stone Mining
14:16 Scale Mail Armor
14:34 Gold Mining
14:53 Double-Bit Axe
16:04 Horse Collar
18:10 Bow Saw
23:03 Forging
25:27 Chain Mail Armor
25:27 Squires
31:29 Iron Casting
31:03 Arson
32:19 Wheelbarrow
36:38 Imperial Age
36:43 Hand Cart
36:41 Capped Ram
36:45 Elite Samurai
Sad x Gnome
10:44 Feudal Age
11:36 Double-Bit Axe
14:23 Castle Age
12:29 Horse Collar
15:34 Bow Saw
20:47 Gold Mining
21:53 Wheelbarrow
21:07 Loom
21:25 Heavy Plow
24:13 Light Cavalry
28:41 Imperial Age
26:28 Forging
26:38 Bloodlines
26:29 Husbandry
27:21 Scale Barding Armor
27:52 Iron Casting
28:19 Chain Barding Armor
29:11 Hussar
31:14 Chemistry
31:05 Plate Barding Armor
32:33 Blast Furnace
31:46 Heavy Camel Rider
ReliableSoap444
10:39 Feudal Age
8:57 Loom
15:31 Castle Age
14:22 Double-Bit Axe
14:42 Horse Collar
17:15 Bow Saw
18:05 Bow Saw
26:34 Wheelbarrow
26:29 Stone Mining
31:04 Imperial Age
29:40 Ballistics
30:27 Hand Cart
32:22 Gold Mining
32:56 Heavy Scorpion
36:11 Gold Shaft Mining
RoroAPC
10:29 Feudal Age
14:52 Castle Age
13:20 Double-Bit Axe
14:12 Horse Collar
15:41 Bloodlines
17:39 Husbandry
18:27 Loom
22:10 Wheelbarrow
22:00 Town Watch
25:50 Thumb Ring
25:06 Crossbowman
26:03 Fletching
26:44 Hand Cart
Schalamax1
4:23 Loom
14:14 Feudal Age
14:45 Double-Bit Axe
16:11 Town Watch
21:06 Castle Age
20:45 Horse Collar
21:57 Bow Saw
21:37 Stone Mining
26:33 Heavy Plow
Connection lost

Rejoining the realm…

Still unreachable

The connection could not be restored.

Session expired

The server has moved on; the page needs a fresh start.